Map: Stranded Isles

Players

Drezthaz

  • Race: Protoss Protoss
  • Spawn Location: 6:00

StarCorrine

  • Race: Zerg Zerg
  • Spawn Location: 6:00

Anne

  • Race: Protoss Protoss
  • Spawn Location: 3:00

Throwfordays - Winner!

  • Race: Zerg Zerg
  • League: Silver
  • Spawn Location: 9:00

Cthulhu - Winner!

  • Race: Zerg Zerg
  • Spawn Location: 12:00

Faust - Winner!

  • Race: Zerg Zerg
  • League: Diamond
  • Spawn Location: 12:00

VOD

Have the link to the VOD?

Description

Time

  • Played on: March 23, 2019, 12:37 a.m.
  • Length: 26:45
Show
View Real Time Build Order
Export as new Build Order

Drezthaz Protoss 

Build Orders:  

Get SALT Encoding   

  1  0:00  Probe  
  13  0:07  Probe  
  14  0:18  Probe  
  15  0:22  Assimilator  
  15  0:32  Pylon  
  15  0:41  Assimilator  
  15  0:51  Gateway  
  15  0:59  Probe  
  16  1:08  Probe  
  16  1:16  Probe  
  17  1:24  Pylon  
  18  1:25  Probe  
  19  1:37  Probe  
  20  1:41  Cybernetics Core  
  20  1:42  Zealot  
  22  1:50  Probe  
  22  1:53  Gateway  
  23  1:57  Gateway  
  23  2:07  Warp Gate  
  23  2:12  Zealot  
  25  2:39  Zealot  
  27  2:45  Zealot  
  29  3:06  Zealot  
  31  3:19  Pylon  
  31  3:26  Pylon  
  33  3:48  Probe  
  32  3:56  Probe  
  32  4:00  Nexus  
  33  4:06  Probe  
  34  4:18  Probe  
  35  4:30  Pylon, Probe  
  36  4:33  Gateway  
  36  4:36  Pylon  
  36  4:40  Pylon  
  36  4:44  Stalker  
  36  4:45  Stalker  
  40  4:56  Gateway  
  40  5:02  Gateway  
  40  5:06  Twilight Council  
  40  5:08  Probe  
  40  5:09  Pylon  
  41  5:16  Probe  
  42  5:23  Stalker, Robotics Facility  
  42  5:24  Probe  
  45  5:32  Probe  
  45  5:39  Blink  
  45  5:41  Stalker, Probe  
  45  5:42  Stalker  
  51  6:01  Stalker x2  
  55  6:45  Pylon  
  55  6:49  Stalker  
  55  6:50  Stalker x3  
  55  6:51  Probe  
  63  6:59  Probe  
  64  7:03  Pylon  
  65  7:09  Probe  
  62  7:20  Probe  
  59  7:23  Immortal  
  59  7:26  Stalker  
  59  7:29  Probe  
  58  7:39  Stalker  
  58  7:40  Stalker x2  
  58  7:43  Stalker  
  66  7:55  Probe  
  66  8:04  Probe  
  67  8:08  Stalker x3  
  67  8:09  Stalker  
  76  8:13  Probe  
  77  8:21  Stalker  
  79  8:33  Assimilator  
  79  8:34  Assimilator  
  79  8:37  Immortal  
  83  8:47  Stalker x2  
  87  8:51  Stalker, Probe  
  90  8:59  Probe  
  90  9:03  Stalker  
  90  9:05  Stalker  
  95  9:10  Probe  
  90  9:22  Probe  
  89  9:34  Probe  
  84  9:45  Stalker x2  
  86  9:46  Stalker x2  
  86  9:47  Stalker  
  86  9:49  Immortal  
  98  9:56  Pylon  
  98  9:59  Pylon  
  98  10:06  Charge  
  98  10:18  Forge  
  98  10:25  Protoss Ground Weapons Level 1  
  98  10:29  Observer  
  98  10:35  Stalker  
  101  10:36  Stalker x2  
  105  10:50  Immortal  
  105  11:12  Protoss Ground Armor Level 1  
  105  11:13  Forge  
  106  11:39  Immortal  
  109  11:40  Stalker x3  
  109  11:41  Stalker x2  
  119  12:20  Protoss Shields Level 1  
  119  12:32  Stalker x2  
  119  12:33  Stalker  
  125  12:38  Pylon  
  125  12:41  Pylon  
  125  12:47  Pylon  
  125  12:49  Pylon  
  121  13:28  Protoss Ground Armor Level 2  
  84  13:49  Immortal  
  84  13:53  Stalker  
  84  13:54  Stalker x3  
  84  13:55  Stalker  
  98  14:10  Protoss Shields Level 2  
  98  14:22  Stalker x3  
  98  14:23  Stalker x2  
  108  14:28  Immortal  
  112  14:54  Robotics Facility  
  112  15:07  Immortal  
  109  15:58  Stalker x4  
  109  16:02  Stalker  
  109  16:03  Observer  
  119  16:09  Immortal  
  124  16:29  Protoss Shields Level 3  
  124  16:39  Protoss Ground Weapons Level 2  
  124  16:48  Immortal  
  124  16:49  Immortal  
  132  17:28  Observer x2  
  120  17:53  Nexus  
  120  17:56  Assimilator  
  120  17:57  Assimilator  
  110  18:42  Stalker  
  110  18:43  Stalker x2  
  110  18:44  Stalker x2  
  115  19:11  Stalker  
  115  19:12  Stalker x2  
  115  19:13  Stalker  
  115  19:14  Stalker  
  125  19:23  Protoss Ground Weapons Level 3  
  125  19:34  Protoss Ground Armor Level 3  
  123  20:16  Observer  
  123  20:17  Observer  
  125  20:33  Stalker x4  
  125  20:34  Stalker  
  135  21:06  Observer  
  53  22:13  Stalker x5  
  61  22:17  Immortal x2  
  69  22:47  Stalker x4  
  69  22:48  Stalker  
  79  22:57  Immortal x2  
  81  23:19  Stalker x2  
  75  23:20  Stalker x3  
  51  23:38  Pylon  
  40  23:41  Pylon  
  40  23:43  Stalker  
  40  23:44  Stalker  
  29  24:08  Stalker  
  29  24:09  Stalker  
  28  24:42  Gateway  
  28  24:44  Pylon  
Show
View Real Time Build Order
Export as new Build Order

StarCorrine Zerg 

Build Orders: Pool First 

Get SALT Encoding   

  12  0:01  Drone  
  13  0:11  Drone  
  14  0:28  Spawning Pool  
  14  0:30  Drone  
  14  0:35  Extractor  
  13  0:36  Drone  
  14  0:48  Overlord  
  14  1:07  Drone x2  
  16  1:16  Queen  
  18  1:19  Zergling x4  
  20  1:34  Zergling x2  
  21  1:41  Metabolic Boost  
  21  1:46  Drone, Evolution Chamber  
  21  1:53  Zergling x2  
  22  2:06  Spine Crawler  
  22  2:08  Drone  
  18  2:34  Zergling x8  
  22  2:37  Overlord  
  22  2:40  Zerg Melee Weapons Level 1  
  22  3:06  Hatchery  
  20  3:47  Zergling x10  
  25  3:50  Overlord x2  
  25  3:59  Extractor, Drone x2  
  26  4:20  Drone  
  26  4:21  Queen  
  21  5:07  Drone  
  21  5:08  Drone x4  
  21  5:11  Drone x3  
  29  5:17  Zerg Ground Armor Level 1  
  29  5:35  Drone x2  
  31  5:41  Zergling x2  
  31  5:42  Zergling x10  
  37  5:50  Lair  
  37  5:55  Zergling x8  
  41  6:15  Drone x4  
  45  6:39  Spine Crawler  
  38  7:01  Drone x3  
  37  7:13  Spire  
  36  7:40  Extractor, Drone x4  
  39  8:04  Zerg Melee Weapons Level 2  
  39  8:08  Zergling x4  
  39  8:09  Zergling x22  
  39  8:12  Overlord x3  
  52  8:28  Infestation Pit  
  51  8:41  Zerg Flyer Weapons Level 1  
  51  8:49  Mutalisk x6  
  51  8:50  Mutalisk x2  
  67  9:10  Extractor  
  55  9:29  Mutalisk x3  
  61  9:32  Zergling x2  
  61  9:33  Zergling x26  
  75  9:54  Overlord  
  74  10:29  Mutalisk x4  
  74  10:35  Overlord x4  
  82  10:40  Zerg Flyer Armor Level 1  
  64  12:39  Mutalisk x6  
  64  12:40  Mutalisk x6  
  64  12:41  Mutalisk x3  
  64  12:42  Overlord  
  64  12:43  Overlord x5  
  64  13:49  Zerg Flyer Weapons Level 2  
  64  13:58  Zerg Ground Armor Level 2  
  64  14:02  Drone x3  
  67  14:15  Queen, Drone  
  70  14:19  Overseer  
  70  14:20  Overseer  
  70  14:34  Queen  
  72  14:44  Drone x2, Spine Crawler  
  73  14:47  Drone  
  74  16:04  Zerg Flyer Armor Level 2  
  74  16:05  Mutalisk x6  
  86  17:06  Spore Crawler  
  85  17:13  Mutalisk x3  
  79  17:44  Drone  
  79  17:45  Drone x3  
  79  17:48  Drone x2  
  85  18:12  Hatchery  
  84  18:43  Corruptor x3  
  84  18:44  Corruptor x3  
  84  18:48  Zergling x18  
  91  19:23  Hive  
  92  19:31  Drone  
  92  19:34  Queen  
  94  19:45  Corruptor x4  
  94  19:46  Corruptor  
  89  20:47  Corruptor x3  
  89  20:48  Corruptor  
  97  21:06  Hatchery, Drone x3  
  69  22:22  Queen  
  63  22:36  Zergling x10  
  8  23:31  Hatchery  
  4  24:34  Hatchery  
Show
View Real Time Build Order
Export as new Build Order

Anne Protoss 

Build Orders: Double Forge 

Get SALT Encoding   

  1  0:00  Probe  
  12  0:05  Probe  
  14  0:23  Probe  
  14  0:24  Pylon  
  15  0:42  Probe  
  16  0:47  Gateway  
  16  0:54  Probe  
  17  1:01  Assimilator  
  17  1:06  Probe  
  17  1:08  Pylon  
  18  1:17  Assimilator  
  19  1:18  Probe  
  19  1:34  Probe  
  19  1:38  Zealot  
  22  1:43  Cybernetics Core  
  22  1:46  Probe  
  23  1:58  Probe  
  24  2:06  Zealot  
  24  2:10  Probe  
  27  2:22  Gateway  
  27  2:26  Pylon  
  27  2:34  Sentry  
  29  2:43  Twilight Council  
  25  3:00  Stalker  
  25  3:02  Warp Gate  
  24  3:41  Pylon  
  24  3:42  Probe  
  25  3:49  Nexus  
  25  3:56  Sentry  
  25  3:59  Sentry  
  29  4:04  Charge  
  29  4:16  Probe  
  30  4:28  Probe  
  31  4:35  Gateway  
  31  4:36  Pylon  
  31  4:38  Probe  
  31  4:39  Forge  
  31  4:42  Forge  
  32  4:46  Probe  
  33  4:55  Pylon  
  33  4:58  Probe  
  33  5:02  Probe  
  33  5:06  Probe  
  35  5:13  Photon Cannon  
  36  5:16  Probe  
  36  5:20  Gateway  
  37  5:25  Probe  
  38  5:31  Probe  
  38  5:33  Probe  
  39  5:42  Probe  
  40  5:43  Probe  
  42  5:50  Photon Cannon  
  42  5:53  Stalker  
  42  5:55  Zealot  
  42  5:56  Zealot  
  20  6:18  Probe  
  12  6:20  Zealot x2  
  17  6:38  Photon Cannon  
  17  6:59  Photon Cannon  
  17  7:03  Probe  
  17  7:05  Probe  
  19  7:22  Sentry x3  
  23  7:24  Probe  
  23  7:29  Probe  
  27  7:35  Probe  
  27  7:41  Probe  
  27  7:43  Probe  
  30  7:52  Probe  
  30  7:54  Probe  
  32  8:04  Probe  
  33  8:06  Photon Cannon  
  33  8:11  Photon Cannon  
  33  8:17  Probe  
  33  8:20  Probe  
  33  8:25  Probe  
  35  8:33  Probe x2  
  37  8:41  Probe  
  37  8:42  Probe  
  39  8:50  Probe  
  39  8:53  Probe  
  41  8:59  Stalker x3  
  41  9:01  Sentry  
  49  9:05  Probe  
  50  9:12  Photon Cannon  
  50  9:17  Probe  
  50  9:22  Stalker  
  50  9:23  Stalker x2  
  57  9:31  Sentry  
  57  9:34  Probe  
  60  9:46  Probe  
  60  9:50  Assimilator  
  60  9:51  Protoss Ground Weapons Level 1, Pylon, Protoss Ground Armor Level 1  
  61  9:54  Assimilator, Pylon  
  61  9:58  Pylon, Probe  
  62  10:10  Templar Archives  
  62  10:19  Probe  
  63  10:28  Pylon  
  63  10:30  Stalker x2  
  63  10:31  Stalker, Probe  
  63  10:32  Sentry  
  72  10:39  Pylon  
  60  11:00  Stalker  
  60  11:01  Stalker x2  
  66  11:13  Pylon  
  66  11:16  Photon Cannon  
  66  11:20  Probe  
  67  11:29  Pylon  
  67  11:40  Nexus  
  67  11:41  High Templar x4  
  67  11:43  Gateway  
  75  12:01  Protoss Ground Weapons Level 2, Protoss Ground Armor Level 2, Archon  
  75  12:02  Archon  
  75  12:13  Pylon  
  75  12:15  Pylon  
  75  12:16  Assimilator  
  75  12:17  Pylon  
  75  12:20  Assimilator  
  75  12:37  High Templar x2  
  77  12:39  Gateway  
  77  12:42  Gateway  
  79  12:45  Pylon  
  79  12:54  Archon  
  79  12:56  Zealot  
  79  12:57  Zealot x2  
  85  13:12  Probe  
  86  13:23  High Templar x3  
  86  13:24  Probe  
  86  13:25  Zealot x2  
  97  13:35  Probe  
  98  13:42  Zealot x2  
  98  13:43  Probe  
  103  13:51  Probe  
  103  13:55  High Templar x2  
  108  14:02  Probe  
  108  14:07  Archon  
  108  14:08  Zealot  
  108  14:09  Zealot x4  
  119  14:14  Probe  
  120  14:34  Zealot x6  
  120  14:35  Zealot  
  134  14:40  Pylon  
  134  14:41  Psionic Storm  
  134  14:43  Pylon  
  134  14:44  Gateway  
  134  14:45  Gateway  
  134  14:46  Pylon  
  134  14:48  Gateway  
  134  15:06  High Templar x6  
  146  15:18  Archon x2  
  138  15:35  Pylon  
  94  15:58  High Templar x6  
  84  16:05  Zealot x3  
  84  16:06  Archon  
  84  16:10  Archon  
  90  16:15  Photon Cannon  
  90  16:34  Cybernetics Core  
  90  16:37  Zealot x6  
  90  16:38  Zealot x3  
  108  17:01  High Templar x5  
  110  17:02  High Templar  
  110  17:03  Zealot x3  
  122  17:08  Protoss Ground Weapons Level 3  
  122  17:10  Pylon  
  122  17:11  Gateway  
  122  17:13  Pylon  
  122  17:15  Protoss Ground Armor Level 3  
  102  17:30  Archon x3  
  100  17:38  Zealot x7  
  100  17:39  Zealot x2  
  118  17:53  Robotics Facility  
  118  18:23  High Templar x4  
  118  18:24  High Templar  
  118  18:25  Zealot x2  
  118  18:26  Zealot x3  
  138  18:27  Archon  
  138  18:28  Archon  
  138  18:35  Pylon, Nexus  
  138  18:36  Pylon  
  82  19:10  Zealot x4  
  82  19:11  Zealot x6  
  102  19:35  Observer  
  103  19:43  Assimilator  
  103  19:47  Assimilator  
  103  19:49  Zealot x4  
  103  19:50  Zealot x6  
  123  20:23  High Templar x6  
  123  20:24  Zealot x2  
  123  20:25  Zealot x2  
  123  20:27  Archon x2  
  123  20:28  Archon  
  137  20:45  Observer  
  138  20:56  Zealot x2  
  138  20:57  Zealot x7  
  144  20:58  Zealot  
  158  21:25  Zealot x6  
  166  21:26  Zealot x3  
  61  21:56  High Templar x4  
  61  21:57  High Templar x5  
  59  22:08  Archon x2  
  59  22:09  Archon  
  59  22:10  Archon  
  59  22:49  Pylon  
  59  22:50  Nexus  
  59  22:51  High Templar  
  59  22:52  Pylon, High Templar x3  
  59  22:53  Zealot x2  
  59  22:56  Archon  
  59  22:57  Archon  
  59  23:37  Zealot x3  
  59  23:38  Zealot x2  
  69  23:49  High Templar x3  
  69  23:53  Archon  
  69  23:54  Archon  
  75  24:02  Sentry x2  
  46  24:43  Zealot  
  46  24:44  Zealot x4  
  56  24:46  High Templar  
  56  24:48  Sentry  
  47  26:16  High Templar x2  
  47  26:17  High Templar x3  
  49  26:30  Archon  
  49  26:31  Archon  
Show
View Real Time Build Order
Export as new Build Order

Throwfordays Zerg - Winner!

Build Orders: Pool First 

Get SALT Encoding   

  12  0:08  Drone x2  
  14  0:17  Extractor, Drone  
  15  0:23  Overlord  
  15  0:40  Spawning Pool  
  14  0:43  Drone  
  14  0:47  Extractor  
  14  0:48  Drone  
  15  0:53  Drone  
  16  1:08  Drone  
  17  1:13  Drone  
  18  1:33  Queen  
  18  1:36  Zergling x2  
  18  1:37  Zergling x2  
  22  1:50  Overlord  
  22  2:00  Metabolic Boost  
  22  2:10  Drone  
  22  2:11  Drone  
  24  2:19  Hatchery  
  24  2:21  Drone  
  24  2:42  Baneling Nest  
  24  2:43  Extractor  
  22  2:44  Drone  
  22  2:45  Drone x4  
  27  2:55  Queen  
  29  2:59  Overlord  
  29  3:05  Evolution Chamber  
  27  3:16  Drone  
  27  3:18  Drone  
  27  3:19  Overlord  
  28  3:21  Zergling x2  
  28  3:22  Zergling x2  
  30  3:32  Drone  
  31  3:35  Queen  
  33  3:42  Evolution Chamber  
  33  3:45  Drone, Evolution Chamber  
  32  3:48  Zergling x2  
  32  3:53  Drone  
  32  3:55  Drone  
  35  4:01  Drone x2  
  37  4:06  Drone  
  37  4:08  Drone  
  39  4:26  Zerg Missile Weapons Level 1  
  39  4:27  Roach Warren  
  39  4:28  Zerg Melee Weapons Level 1  
  38  4:31  Baneling x3  
  38  4:32  Baneling  
  38  4:38  Zergling x2  
  38  4:39  Zergling x2  
  38  4:42  Zergling x2  
  36  5:02  Drone, Overlord x4  
  37  5:07  Queen  
  39  5:24  Drone x5  
  39  5:25  Drone  
  45  5:31  Extractor  
  45  5:32  Extractor  
  45  5:34  Drone x2  
  45  5:35  Drone x2  
  47  5:54  Hatchery  
  47  5:56  Drone x2  
  48  5:58  Drone x3  
  48  6:00  Drone  
  48  6:02  Drone  
  53  6:05  Roach  
  53  6:09  Zerg Ground Armor Level 1  
  55  6:25  Lair  
  55  6:46  Roach x6  
  55  6:47  Roach  
  62  7:04  Queen  
  62  7:24  Roach x3  
  68  7:30  Queen  
  68  7:32  Zerg Missile Weapons Level 2  
  70  7:39  Queen  
  70  7:40  Drone x2  
  70  7:41  Drone  
  75  7:44  Roach  
  75  7:45  Roach x6  
  75  7:47  Overlord x2  
  75  7:49  Overlord x2  
  89  7:52  Glial Reconstitution  
  89  8:04  Drone  
  90  8:05  Drone  
  90  8:12  Roach x2  
  95  8:14  Zerg Ground Armor Level 2  
  95  8:18  Roach x4  
  103  8:25  Drone x2  
  105  8:31  Roach x4  
  105  8:32  Roach  
  115  8:35  Overlord  
  115  8:42  Zerg Melee Weapons Level 2  
  115  8:50  Infestation Pit  
  114  8:58  Overlord x3  
  114  9:01  Roach x2  
  118  9:03  Drone  
  118  9:07  Extractor  
  118  9:08  Extractor  
  118  9:09  Drone x3  
  120  9:11  Drone x2  
  122  9:30  Hive  
  122  9:31  Burrow  
  122  9:32  Tunneling Claws  
  122  9:36  Roach x3  
  122  9:37  Roach  
  130  9:40  Roach x3  
  136  9:50  Drone x2  
  136  9:51  Drone  
  139  9:53  Roach  
  139  9:54  Roach x2  
  145  10:21  Pneumatized Carapace  
  145  10:36  Roach x4  
  145  10:39  Overlord x2  
  145  10:40  Overseer  
  153  10:43  Overlord  
  153  10:44  Overlord x2  
  153  10:55  Zerg Missile Weapons Level 3  
  153  10:56  Zerg Ground Armor Level 3  
  153  10:58  Adrenal Glands  
  153  11:08  Ravager x5  
  153  11:10  Ravager  
  159  11:17  Roach x3  
  165  11:21  Roach x4  
  173  11:26  Roach x6  
  173  11:29  Ravager  
  173  11:30  Ravager x3  
  173  11:32  Ravager  
  190  11:34  Ravager  
  190  11:36  Ravager  
  190  11:38  Overlord x2  
  178  12:47  Spore Crawler  
  178  12:48  Spore Crawler  
  178  12:50  Spore Crawler  
  174  12:51  Spore Crawler  
  66  13:49  Drone x3  
  55  13:57  Spire  
  55  13:58  Spire  
  55  14:01  Hydralisk Den  
  52  14:25  Zerg Melee Weapons Level 3  
  52  14:26  Ultralisk Cavern  
  51  14:33  Grooved Spines  
  51  14:37  Queen  
  53  15:10  Hydralisk x6  
  53  15:13  Hatchery  
  64  15:15  Hydralisk x4  
  64  15:16  Hydralisk x2  
  64  15:20  Hydralisk x3  
  78  15:23  Hydralisk x2  
  78  15:24  Hydralisk  
  77  15:44  Muscular Augments  
  70  16:02  Anabolic Synthesis  
  70  16:31  Hatchery  
  69  16:34  Ultralisk x2  
  69  16:35  Ultralisk x4  
  105  16:40  Zergling x14  
  105  16:41  Zergling x2  
  105  16:43  Zergling x6  
  105  16:44  Chitinous Plating  
  105  16:45  Queen  
  105  16:46  Drone x2  
  120  17:15  Zerg Flyer Weapons Level 1  
  120  17:16  Zerg Flyer Armor Level 1  
  119  18:41  Drone x3  
  121  18:46  Swarm Host x6  
  121  18:47  Swarm Host x3  
  149  18:52  Swarm Host x3  
  149  18:53  Swarm Host x3  
  167  18:56  Drone x2  
  167  18:57  Drone x4  
  169  19:13  Extractor  
  169  19:15  Extractor, Drone x3  
  170  19:18  Queen  
  170  19:20  Drone x3  
  175  19:24  Extractor x2  
  173  20:20  Hydralisk x2  
  173  20:21  Hydralisk x3  
  177  20:23  Hydralisk x2  
  187  21:10  Zergling x10  
  192  21:14  Zergling x12  
  198  22:05  Zergling x4  
  157  24:21  Zergling x12  
  157  24:23  Zergling x8  
  157  24:24  Zergling x4  
  169  24:28  Zergling x2  
  169  24:29  Zergling x10  
  175  24:34  Zergling x6  
  175  24:35  Zergling x6  
  181  24:46  Zergling x4  
  162  26:03  Zergling x8  
  166  26:05  Zergling x2  
  166  26:06  Zergling x6  
  166  26:07  Zergling x4  
  170  26:19  Zergling x6  
  170  26:20  Zergling x4  
  170  26:23  Zergling x2  
  170  26:25  Zergling x2  
Show
View Real Time Build Order
Export as new Build Order

Cthulhu Zerg - Winner!

Build Orders: Pool First 

Get SALT Encoding   

  12  0:02  Drone  
  13  0:09  Drone  
  14  0:16  Extractor  
  14  0:17  Drone  
  15  0:23  Overlord  
  15  0:30  Extractor  
  14  0:43  Spawning Pool  
  14  0:45  Drone  
  14  0:49  Drone  
  15  0:55  Drone  
  16  1:30  Zergling x6  
  16  1:32  Queen  
  21  1:35  Metabolic Boost  
  21  2:01  Drone  
  21  2:02  Hatchery, Drone  
  21  2:07  Overlord  
  22  2:15  Overlord  
  21  2:33  Drone  
  22  2:47  Drone x4  
  25  3:14  Drone  
  25  3:15  Drone x2  
  28  3:26  Drone  
  28  3:27  Drone x4  
  28  3:29  Queen x2  
  36  3:37  Extractor  
  35  3:42  Drone  
  35  3:43  Drone  
  35  3:45  Extractor  
  36  4:13  Lair  
  36  4:15  Burrow, Roach Warren  
  35  4:24  Zergling x4  
  35  4:25  Zergling x14  
  44  4:36  Spine Crawler x2  
  42  4:40  Spine Crawler x2  
  42  4:41  Spine Crawler  
  39  4:53  Spine Crawler x2  
  37  5:03  Roach  
  37  5:04  Drone, Roach  
  42  5:12  Overlord x3  
  49  5:22  Spine Crawler  
  49  5:25  Spine Crawler x2  
  46  5:29  Queen  
  46  5:32  Overseer  
  48  5:40  Queen  
  50  5:45  Glial Reconstitution  
  50  5:57  Roach  
  50  5:58  Roach x5  
  53  6:24  Drone  
  53  6:25  Drone x7  
  61  6:38  Infestation Pit  
  60  6:43  Extractor  
  59  7:02  Drone x8  
  67  7:21  Evolution Chamber, Hive  
  66  8:05  Infestor  
  68  8:06  Overlord x4  
  68  8:07  Overlord x4  
  68  8:11  Overseer  
  68  8:28  Drone x8  
  68  8:29  Drone x5  
  81  8:43  Hatchery  
  80  9:28  Zergling x6  
  80  9:29  Zergling x22, Nydus Network  
  93  9:42  Pneumatized Carapace  
  93  9:44  Queen  
  95  10:20  Queen  
  97  10:24  Tunneling Claws  
  97  10:29  Adrenal Glands  
  97  10:33  Zergling x8  
  97  10:34  Zergling x26  
  114  11:01  Drone x6  
  114  11:02  Drone  
  121  11:17  Spore Crawler  
  120  11:18  Spore Crawler x2  
  120  11:20  Spore Crawler  
  120  11:23  Drone  
  118  11:27  Spore Crawler x2  
  118  11:28  Spore Crawler  
  118  11:31  Spore Crawler x2  
  113  11:33  Spore Crawler  
  113  11:37  Spore Crawler  
  111  11:59  Queen x2  
  111  12:00  Queen  
  117  12:31  Nydus Canal  
  117  12:33  Zergling x6  
  117  12:34  Zergling x4  
  121  12:53  Queen  
  121  12:54  Queen  
  108  13:12  Drone  
  109  13:14  Drone x8, Overlord  
  109  13:15  Drone, Overlord x5  
  118  13:21  Spine Crawler  
  117  13:57  Overseer x2  
  117  14:19  Extractor  
  117  14:22  Zergling x22, Extractor  
  126  14:29  Infestor x2  
  126  14:30  Infestor  
  132  14:37  Hatchery  
  128  15:30  Zergling x2  
  128  15:31  Zergling x18  
  138  15:39  Spore Crawler  
  138  15:40  Spore Crawler  
  136  15:45  Spore Crawler  
  136  15:49  Spore Crawler  
  134  16:03  Spore Crawler  
  133  16:07  Spore Crawler, Drone x9  
  133  16:08  Spore Crawler x2  
  133  16:09  Spore Crawler  
  138  16:19  Hatchery  
  116  16:43  Infestor  
  116  16:44  Infestor x7  
  116  16:45  Infestor  
  116  16:46  Infestor x5  
  144  17:08  Hatchery  
  142  17:55  Roach  
  98  19:28  Spine Crawler  
  98  19:29  Spine Crawler  
  96  19:34  Spine Crawler  
  96  19:35  Spine Crawler  
  96  19:36  Spine Crawler x2  
  92  19:40  Spine Crawler  
  91  19:49  Drone x3  
  94  20:01  Spine Crawler  
  94  20:02  Spore Crawler, Spine Crawler x2  
  94  20:03  Spore Crawler x3  
  94  20:04  Spore Crawler  
  94  20:05  Spine Crawler  
  75  20:23  Zergling x2  
  75  20:24  Zergling x14  
  83  21:03  Queen  
  85  21:23  Infestor x2  
  85  21:39  Queen  
  51  23:12  Zergling x6  
  54  23:13  Zergling x6  
  57  24:43  Zergling x2  
  57  24:44  Zergling x10  
  63  24:51  Zergling x2  
  63  24:52  Zergling x24  
  76  24:53  Queen  
  76  24:54  Queen x2  
  82  25:15  Hatchery  
  81  25:29  Queen x3  
  87  26:04  Queen  
Show
View Real Time Build Order
Export as new Build Order

Faust Zerg - Winner!

Build Orders: Pool First, Lurkers 

Get SALT Encoding   

  12  0:01  Drone  
  13  0:09  Drone  
  14  0:14  Extractor  
  14  0:15  Drone  
  15  0:23  Overlord  
  15  0:28  Extractor  
  14  0:42  Spawning Pool  
  13  0:45  Drone  
  14  0:52  Drone  
  14  0:55  Drone  
  16  1:28  Zergling x6  
  16  1:30  Queen  
  16  1:31  Metabolic Boost  
  21  1:59  Hatchery  
  20  2:04  Drone  
  20  2:06  Drone  
  22  2:11  Overlord  
  22  2:31  Drone x2  
  24  2:41  Drone x2  
  24  2:42  Drone, Overlord  
  26  3:23  Drone x6  
  26  3:25  Drone x2  
  26  3:26  Queen  
  34  3:28  Lair  
  34  3:33  Drone  
  35  3:43  Drone x2  
  35  3:45  Overlord  
  37  3:57  Drone x2  
  37  3:58  Drone  
  37  3:59  Drone  
  41  4:03  Zergling x2, Baneling Nest  
  41  4:04  Hatchery  
  41  4:07  Overlord  
  40  4:21  Extractor x2  
  38  4:28  Zergling x2  
  38  4:29  Zergling x10  
  44  4:46  Drone x2  
  44  4:47  Drone x2  
  44  4:49  Drone  
  44  4:50  Drone  
  50  5:02  Drone  
  50  5:03  Drone  
  52  5:11  Extractor  
  52  5:13  Hydralisk Den  
  50  5:16  Queen, Drone  
  50  5:17  Drone x7  
  60  5:29  Drone x3  
  60  5:32  Spore Crawler  
  60  5:35  Spore Crawler  
  61  5:36  Drone  
  61  5:40  Drone x2  
  64  5:44  Drone x2  
  64  5:45  Overlord x4  
  59  6:26  Hydralisk x11  
  59  6:32  Extractor  
  80  6:35  Extractor, Hydralisk x3  
  80  6:39  Overlord x2  
  85  6:40  Hatchery  
  85  6:42  Muscular Augments  
  84  6:47  Evolution Chamber  
  84  6:48  Drone x2  
  84  6:49  Drone x2, Evolution Chamber  
  86  6:58  Drone  
  86  6:59  Drone x3  
  86  7:00  Drone x3  
  89  7:26  Hydralisk  
  89  7:27  Hydralisk x8  
  105  7:34  Zerg Missile Weapons Level 1  
  105  7:36  Drone, Overlord x3  
  106  7:37  Overlord x3  
  106  7:41  Zerg Ground Armor Level 1  
  106  7:52  Drone x6  
  106  7:54  Queen, Grooved Spines  
  106  7:55  Overlord  
  106  7:57  Drone  
  106  7:58  Drone  
  116  8:05  Drone x4  
  120  8:13  Drone x3  
  120  8:17  Overseer  
  120  8:18  Pneumatized Carapace  
  123  8:27  Drone x5  
  123  8:28  Drone x4, Overlord  
  123  8:30  Burrow  
  132  8:39  Drone  
  132  8:40  Drone x4  
  137  8:42  Extractor  
  137  8:43  Extractor, Overlord x2  
  117  9:28  Zerg Melee Weapons Level 1  
  117  9:30  Hydralisk  
  117  9:31  Hydralisk x22  
  141  9:46  Drone x2  
  141  9:47  Overlord x3  
  141  9:48  Overlord x2  
  143  9:54  Overseer x2, Overlord  
  143  10:08  Spore Crawler x2  
  141  10:15  Hatchery  
  141  10:17  Spire  
  141  10:18  Infestation Pit  
  141  10:19  Zerg Missile Weapons Level 2  
  120  11:02  Overseer  
  92  11:04  Lurker Den  
  92  11:07  Drone  
  92  11:08  Drone x8  
  92  11:09  Drone x5  
  92  11:10  Drone x2, Overlord x2  
  92  11:11  Overlord x4  
  107  11:20  Drone  
  107  11:22  Zerg Ground Armor Level 2  
  108  11:26  Hydralisk  
  108  11:27  Hydralisk x4  
  108  11:30  Hydralisk  
  108  11:31  Hydralisk x5  
  130  11:33  Queen  
  130  11:35  Drone x3  
  130  11:38  Spore Crawler x2  
  133  11:41  Spore Crawler  
  133  11:43  Spore Crawler, Drone x4  
  133  11:44  Drone  
  136  11:57  Hydralisk  
  136  11:58  Hydralisk x12  
  162  12:02  Hydralisk  
  162  12:03  Hydralisk x4  
  172  12:20  Hydralisk x11  
  194  12:25  Hive  
  190  13:03  Lurker x3  
  190  13:04  Lurker  
  190  13:05  Hydralisk x3  
  194  13:11  Extractor  
  199  13:13  Extractor  
  199  13:19  Zerg Melee Weapons Level 2  
  198  13:23  Hydralisk  
  200  15:09  Zerg Missile Weapons Level 3  
  182  15:36  Zerg Ground Armor Level 3  
  124  16:02  Hydralisk  
  124  16:03  Hydralisk x26  
  124  16:04  Hydralisk x9  
  196  16:40  Drone x3  
  196  16:41  Drone  
  200  16:54  Overseer x2  
  200  17:01  Extractor  
  200  17:02  Extractor  
  200  17:05  Hatchery  
  177  17:23  Hydralisk x5  
  177  17:24  Hydralisk x10  
  152  17:31  Hydralisk x7  
  152  17:32  Hydralisk x21  
  199  17:41  Hydralisk x3  
  197  17:48  Zerg Melee Weapons Level 3  
  197  17:50  Adaptive Talons  
  196  17:51  Adrenal Glands  
  148  19:20  Centrifical Hooks  
  148  19:22  Greater Spire  
  148  19:26  Spire  
  148  19:28  Roach Warren  
  146  19:35  Lurker x15  
  146  19:36  Lurker x7  
  168  19:53  Spore Crawler  
  168  19:54  Spore Crawler  
  168  19:56  Spore Crawler  
  165  20:32  Corruptor  
  165  20:33  Corruptor x16  
  199  20:40  Zerg Flyer Armor Level 1  
  199  20:41  Zerg Flyer Weapons Level 1  
  168  21:42  Corruptor x6  
  168  21:43  Corruptor x10  
  189  21:54  Corruptor  
  189  21:56  Corruptor  
  169  22:05  Zergling x4  
  169  22:06  Zergling x62  
  169  22:07  Zergling x42  
  177  23:13  Corruptor  
  177  23:14  Corruptor x2  
  129  23:46  Brood Lord  
  129  23:47  Brood Lord x4  
  139  23:49  Drone  
  139  23:50  Drone x19  
  139  23:51  Drone x2  
  161  23:56  Zergling x2  
  161  23:57  Zergling x36  
  161  23:58  Zergling x12  
  174  24:33  Extractor  
  174  24:34  Hatchery  
  164  24:45  Brood Lord x2  
  168  24:47  Brood Lord  
  170  25:06  Hatchery  
  168  25:09  Extractor  
  168  25:14  Extractor  
  166  25:30  Drone x3  
  166  25:31  Drone x3  
  172  25:37  Drone  
  172  25:38  Drone x2  
  172  25:39  Drone x6  
  172  25:40  Drone x2  
  183  25:44  Extractor, Hatchery  
  177  26:05  Brood Lord  
Tags
 
Add a new tag
Caveats
  • Supply blocks, unpowered buildings, or Contaminate may cause inaccurate times.
  • Supply counts are checked every 10 seconds.